 Dungeon Crawl Stone Soup version 0.29.1-1-gd02db69 (webtiles) character file.

Game seed: 7539127321982839281

1568 HardKase the Geomancer (level 8, -2/46 HPs)
             Began as a Gargoyle Earth Elementalist on Oct 10, 2022.
             Was a Follower of Vehumet.
             Splashed by a jelly's acid (3 damage)
             ... on level 6 of the Dungeon.
             The game lasted 00:37:13 (6280 turns).

HardKase the Geomancer (GrEE)                       Turns: 6280, Time: 00:37:13

Health: -2/46      AC:  0    Str: 11    XL:     8   Next: 90%
Magic:  15/17      EV: 11    Int: 25    God:    Vehumet [*.....]
Gold:   294        SH:  0    Dex:  6    Spells: 14/20 levels left

rFire   . . .      SeeInvis +   y - +1 mace (vorpal)
rCold   . . .      Faith    .   (no shield)
rNeg    + + .      Spirit   .   u - +2 robe {Will+}
rPois   ∞          Reflect  .   (no helmet)
rElec   +          Harm     .   p - scarf {repulsion}
rCorr   .          Rampage  .   s - +1 pair of gloves
Will    +....                   (no boots)
Stlth   +++.......              (no amulet)
HPRegen 0.15/turn               D - +6 ring of intelligence
MPRegen 0.15/turn               n - ring "Mahirhu" {rN+ Dex-4 SInv Stlth+}

@: corroded, repel missiles
A: sickness immunity, AC +5, negative energy resistance 1, electricity
resistance, torment resistance 1, petrification resistance
a: Renounce Religion


You were on level 6 of the Dungeon.
You worshipped Vehumet.
Vehumet was aware of your devotion.
You visited 1 branch of the dungeon, and saw 6 of its levels.

You collected 294 gold pieces.

Inventory:

Hand Weapons
 i - a +0 dagger
 t - a +3 short sword of venom
 y - a +1 vorpal mace (weapon)
Missiles
 e - 46 stones (quivered)
 h - 8 boomerangs
Armour
 k - an orb of guile
 p - a scarf of repulsion (worn)
 s - a +1 pair of gloves (worn)
 u - a +2 robe of willpower (worn)
Jewellery
 c - a +4 ring of protection
 n - the ring "Mahirhu" (right hand) {rN+ Dex-4 SInv Stlth+}
   (You found it on level 2 of the Dungeon)

   [ring of positive energy]

   Dex:       It affects your dexterity (-4).
   rN:        It protects you from negative energy.
   SInv:      It lets you see invisible.
   Stlth:     It makes you more stealthy.
 r - a ring of wizardry
 w - a ring of willpower
 x - an amulet of the acrobat
 D - a +6 ring of intelligence (left hand)
 F - a ring of resist corrosion
Wands
 z - a wand of flame (16)
Scrolls
 a - a scroll of magic mapping
 f - 4 scrolls of teleportation
 g - a scroll of noise {unknown}
 j - a scroll of enchant weapon {unknown}
 l - a scroll of amnesia {unknown}
 m - a scroll of blinking
 B - a scroll of summoning
 C - a scroll of immolation {unknown}
Potions
 b - 2 potions of magic
 d - a potion of haste
 o - 2 potions of lignification
 q - a potion of ambrosia
 v - a potion of curing
 A - a potion of flight
 G - a potion of mutation


   Skills:
 + Level 3.2 Fighting
 + Level 0.1 Maces & Flails
 - Level 1.7 Dodging
 - Level 2.5 Stealth
 + Level 6.5 Spellcasting
 + Level 3.4 Conjurations
 + Level 1.1 Transmutations
 + Level 8.8 Earth Magic


You had 14 spell levels left.
You knew the following spells:

 Your Spells              Type           Power      Damage    Failure   Level
a - Sandblast             Erth           100%       2d20      1%          1
b - Passwall              Tmut/Erth      27%        N/A       1%          2
c - Stone Arrow           Conj/Erth      78%        3d11      1%          3

Your spell library contained the following spells:

 Spells                   Type           Power      Damage    Failure   Level
 Magic Dart               Conj           100%       1d8       1%          1
 Beastly Appendage        Tmut           26%        N/A       4%          1
 Freeze                   Ice            32%        1d5       7%          1
 Wereblood                Tmut           13%        N/A       7%          2
 Petrify                  Tmut/Erth      33%        N/A       9%          4
 Spider Form              Tmut/Pois      10%        N/A       17%         3
 Frozen Ramparts          Ice            16%        1d3       22%         3
 Hailstorm                Conj/Ice       16%        3d6       34%         4


Dungeon Overview and Level Annotations

Branches:
Dungeon (6/15)
 Temple: D:4-7

Altars:
Ashenzari
Dithmenos
Makhleb
Vehumet

Shops:
D:4 =


Innate Abilities, Weirdness & Mutations

You are immune to sickness and miasma.
Your stone body is resilient. (AC +5)
You are immune to poison.
You resist negative energy. (rN+)
You are resistant to electric shocks. (rElec)
You are resistant to unholy torment.
You are immune to petrification.


Message History

The scorpion is severely wounded.
The scorpion stings you but does no damage.
The scorpion barely misses you.
You hit the scorpion but do no damage.
The scorpion is severely wounded.
The scorpion stings you but does no damage.
The scorpion barely misses you.
You hit the scorpion.
You kill the scorpion!
Vehumet accepts your kill.
You now have 294 gold pieces (gained 8).
A jelly comes into view.
The helpless jelly fails to defend itself.
You hit the jelly.
Your hands burn!
The jelly is moderately wounded.
The jelly barely misses you. The jelly hits you but does no damage.
You completely miss the jelly.
The jelly is moderately wounded.
The jelly closely misses you.
You completely miss the jelly.
The jelly is moderately wounded.
The jelly hits you but does no damage. The jelly hits you.
The acid corrodes you!
You are splashed with acid!
You hit the jelly.
Your hands burn!
The jelly is heavily wounded.
The jelly barely misses you.
You hit the jelly but do no damage.
Your hands burn!
The jelly is heavily wounded.
The jelly hits you but does no damage.
You hit the jelly. The acid corrodes you!
Your hands burn!
The jelly is severely wounded.
The jelly hits you.
You are splashed with acid!
The jelly hits you. The acid corrodes you!
You are splashed with acid!
* * * LOW HITPOINT WARNING * * *
You hit the jelly but do no damage.
Your hands burn!
* * * LOW HITPOINT WARNING * * *
The jelly is severely wounded.
The jelly barely misses you.
You hit the jelly but do no damage.
Your hands burn!
You die...

####### #.J...#
#@# #.####### #
#.......####.#
#######......#
######...########
.................
######.#..##>.###
#....##.##
###..##.#


You could see a jelly.

Vanquished Creatures
  Grinder (D:4)
  An acid dragon (D:6)
  A water moccasin (D:5)
  2 ice beasts (D:5)
  A sky beast (D:6)
  An ogre (D:5)
  A centaur (D:5)
  2 phantoms (D:5)
  2 scorpions
  A crimson imp (D:5)
  2 hounds
  2 orc priests
  Terence (D:2)
  4 orc wizards
  8 adders
  A shadow imp (D:5)
  A white imp (D:4)
  An ufetubus (D:4)
  A dart slug (D:3)
  18 orcs
  9 endoplasms
  4 giant cockroaches
  4 goblins
  5 hobgoblins
  A quokka (D:5)
  7 ball pythons
  2 bats (D:3)
  A frilled lizard (D:1)
  5 kobolds
  2 rats
92 creatures vanquished.

Vanquished Creatures (others)
  2 demonic plants (D:1)
2 creatures vanquished.

Grand Total: 94 creatures vanquished

Notes
Turn   | Place    | Note
-------+----------+-------------------------------------------
     0 | D:1      | HardKase the Gargoyle Earth Elementalist began the quest
                  | for the Orb.
     0 | D:1      | Reached XP level 1. HP: 10/10 MP: 3/3
   321 | D:1      | Reached skill level 1 in Transmutations
   321 | D:1      | Reached XP level 2. HP: 15/15 MP: 3/5
   633 | D:1      | Found a faded altar of an unknown god.
   729 | D:1      | Learned a level 2 spell: Passwall
  1172 | D:2      | Reached skill level 4 in Earth Magic
  1172 | D:2      | Reached XP level 3. HP: 19/19 MP: 4/6
  1204 | D:2      | Noticed Terence
  1224 | D:2      | Killed Terence
  1225 | D:2      | Reached XP level 4. HP: 7/24 MP: 0/8
  1619 | D:2      | Identified the ring "Mahirhu" {rN+ Dex-4 SInv Stlth+}
  1961 | D:2      | Reached skill level 5 in Earth Magic
  2012 | D:2      | Learned a level 3 spell: Stone Arrow
  2673 | D:3      | Reached XP level 5. HP: 27/28 MP: 9/9
  3329 | D:4      | Noticed Grinder
  3329 | D:4      | Paralysed by Grinder for 3 turns
  3348 | D:4      | Killed Grinder
  3349 | D:4      | Reached skill level 1 in Fighting
  3349 | D:4      | Reached skill level 1 in Conjurations
  3349 | D:4      | Reached skill level 6 in Earth Magic
  3349 | D:4      | Reached XP level 6. HP: 26/34 MP: 0/12
  3781 | D:4      | Found a broken altar of Ashenzari.
  3824 | D:4      | Found Syfe's Jewellery Emporium.
  4091 | D:5      | Entered Level 5 of the Dungeon
  4287 | D:5      | Found a radiant altar of Vehumet.
  4288 | D:5      | Found a burning altar of Makhleb.
  4298 | D:5      | Became a worshipper of Vehumet
  4390 | D:5      | Found a shadowy altar of Dithmenos.
  4394 | D:5      | Reached XP level 7. HP: 33/38 MP: 9/13
  4444 | D:5      | Reached skill level 7 in Earth Magic
  4692 | D:5      | Reached skill level 5 in Spellcasting
  5179 | D:5      | Reached XP level 8. HP: 45/45 MP: 11/16
  5273 | D:5      | Reached * piety under Vehumet
  5273 | D:5      | Offered knowledge of Magic Dart by Vehumet.
  5274 | D:5      | Reached skill level 8 in Earth Magic
  6279 | D:6      | HP: 1/46 [acid (5)]
  6280 | D:6      | Splashed by a jelly's acid

Illustrated notes

Levels and vault maps discovered:
D:1:      dpeg_arrival_pits, layout_basic,
          dreamdust_ecumenical_altar_sealed_demon, minmay_ruptured
D:2:      layout_loops_cross, uniq_terence
D:3:      layout_basic
D:4:      layout_cave_pools, mainiacjoe_overflow_tiny_flanked, serial_shops,
          nicolae_lakefront_shop, corexii_shack, corner_web_ring,
          bh_walls_and_bars, uniq_grinder
D:5:      layout_loops_ring, grunt_temple_overflow_lords_of_destruction,
          grunt_dithmenos_shadows, kennysheep_crisscross, minmay_misc_feat_doors
D:6:      layout_basic, temple_statues

Skill      XL: |  1  2  3  4  5  6  7  8 |
---------------+-------------------------+-----
Transmutations | 1 |  1.1
Earth Magic    | 4 5 6 7 8 |  8.8
Spellcasting   | 3 4 5 6 |  6.5
Fighting       | 1 2 3 |  3.2
Conjurations   | 1 2 3 |  3.4
Maces & Flails | |  0.1
Dodging        | |  1.7
Stealth        | |  2.5

Action                   |  1- 3 |  4- 6 |  7- 9 || total
-------------------------+-------+-------+-------++-------
Melee: Dagger            |    18 |     1 |       ||    19
       Short sword       |       |    54 |    82 ||   136
       Mace              |       |       |    16 ||    16
 Cast: Sandblast         |    21 |    24 |     3 ||    48
       Stone Arrow       |       |    11 |    24 ||    35
  Use: Potion            |     1 |     4 |     1 ||     6
       Scroll            |     1 |     3 |     7 ||    11
 Stab: Sleeping          |       |     6 |     4 ||    10
Armor: Robe              |    11 |    23 |    56 ||    90
       Skin              |     7 |    14 |       ||    21
Dodge: Dodged            |    10 |    36 |    55 ||   101
       Repelled          |       |     2 |     1 ||     3
